Map: [ESL] Data-C

Players

Namshar

  • Race: Zerg Zerg
  • Spawn Location: 9:00

trigger - Winner!

  • Race: Protoss Protoss
  • Spawn Location: 3:00

Event: DreamHack SC2 Masters 2022 Atlanta (Online)

VOD

Have the link to the VOD?

Description

Time

  • Played on: Oct. 6, 2022, 3:49 p.m.
  • Length: 8:44

All games in this series

Show
View Real Time Build Order
Export as new Build Order

Namshar Zerg 

Build Orders: Hatch First 

Get SALT Encoding   

  12  0:00  Drone  
  13  0:12  Overlord  
  13  0:17  Drone  
  14  0:30  Drone x2  
  16  0:48  Hatchery  
  15  0:51  Drone  
  15  0:54  Drone  
  17  0:58  Drone  
  18  1:09  Extractor  
  17  1:13  Spawning Pool  
  17  1:17  Drone  
  17  1:20  Drone  
  18  1:27  Drone  
  19  1:38  Drone  
  20  1:49  Drone  
  21  2:00  Queen x2, Drone  
  21  2:01  Overlord  
  26  2:10  Drone  
  26  2:11  Drone  
  28  2:22  Drone  
  29  2:23  Drone  
  30  2:30  Evolution Chamber  
  30  2:32  Overlord  
  30  2:33  Drone  
  30  2:36  Queen  
  32  2:44  Drone x2  
  34  2:51  Metabolic Boost  
  34  2:53  Drone  
  34  2:55  Zerg Melee Weapons Level 1  
  34  2:56  Drone  
  36  3:05  Drone x2  
  36  3:07  Zergling x2  
  36  3:08  Drone x5  
  44  3:21  Hatchery  
  44  3:25  Spore Crawler  
  42  3:33  Drone, Overlord  
  42  3:50  Drone  
  42  3:55  Spore Crawler  
  42  3:57  Drone  
  42  3:58  Zergling x14  
  42  4:00  Baneling Nest  
  48  4:15  Zergling x8  
  52  4:22  Zergling x4  
  52  4:24  Overlord x2  
  50  4:47  Zergling x18  
  57  4:57  Zergling x10  
  60  5:00  Queen  
  60  5:03  Baneling  
  60  5:04  Baneling x9  
  60  5:06  Zergling x6  
  63  5:17  Zergling x6  
  62  5:32  Drone x9  
  57  5:44  Zergling x10  
  57  5:45  Zergling x2  
  57  5:48  Lair, Spore Crawler  
  61  5:52  Queen  
  61  5:54  Queen  
  64  5:59  Drone x3  
  64  6:03  Drone x2  
  65  6:09  Drone  
  66  6:11  Spore Crawler  
  66  6:12  Drone x3  
  66  6:13  Drone x3  
  71  6:19  Overlord  
  70  6:30  Drone x5  
  73  6:38  Extractor  
  72  6:40  Extractor  
  72  6:43  Roach Warren  
  72  6:44  Drone x11  
  81  6:47  Extractor  
  81  6:50  Drone x3  
  79  7:06  Centrifugal Hooks  
  80  7:08  Drone x2  
  80  7:09  Overlord x2  
  80  7:12  Hatchery  
  80  7:16  Extractor  
  80  7:18  Extractor  
  80  7:19  Overseer  
  78  7:27  Drone x3  
  78  7:28  Drone x3  
  84  7:33  Roach x3  
  84  7:35  Queen  
  92  7:37  Overlord x2  
  92  7:38  Roach x2  
  94  7:54  Roach x2  
  94  7:55  Queen x2  
  100  8:01  Roach x6  
  108  8:11  Ravager  
  108  8:12  Baneling x2  
  111  8:19  Roach x3  
Show
View Real Time Build Order
Export as new Build Order

trigger Protoss - Winner!

Build Orders: 1 Gate Expand, Oracle Opening, Zealot Archon 

Get SALT Encoding   

  12  0:00  Probe  
  13  0:12  Probe  
  14  0:19  Pylon  
  14  0:24  Probe  
  14  0:27  Assimilator  
  15  0:37  Probe (Chrono Boost)  
  16  0:43  Gateway  
  16  0:46  Probe (Chrono Boost)  
  17  0:52  Probe  
  18  1:04  Probe  
  19  1:17  Probe  
  20  1:23  Nexus  
  20  1:32  Cybernetics Core  
  20  1:38  Assimilator  
  20  1:40  Probe  
  21  1:47  Pylon  
  21  1:52  Probe  
  22  2:04  Probe (Chrono Boost)  
  23  2:09  Stargate  
  23  2:10  Adept  
  26  2:16  Probe (Chrono Boost)  
  26  2:19  Warp Gate  
  26  2:23  Probe (Chrono Boost)  
  27  2:34  Probe (Chrono Boost)  
  27  2:36  Probe (Chrono Boost)  
  29  2:43  Adept  
  33  2:45  Probe (Chrono Boost)  
  33  2:46  Probe (Chrono Boost)  
  33  2:50  Oracle (Chrono Boost)  
  33  2:53  Probe  
  33  2:55  Probe  
  38  3:00  Pylon  
  38  3:05  Probe  
  39  3:07  Probe  
  39  3:08  Pylon  
  40  3:17  Probe  
  40  3:19  Probe  
  45  3:20  Oracle (Chrono Boost)  
  45  3:29  Probe  
  45  3:31  Probe  
  47  3:37  Nexus  
  47  3:41  Probe  
  47  3:45  Probe  
  49  3:50  Oracle (Chrono Boost)  
  49  3:53  Probe  
  49  3:55  Pylon  
  53  4:01  Probe, Gateway  
  54  4:04  Assimilator  
  54  4:05  Probe  
  55  4:13  Probe, Assimilator  
  56  4:18  Probe  
  57  4:25  Oracle (Chrono Boost), Probe  
  57  4:26  Gateway, Pylon  
  57  4:30  Pylon  
  61  4:32  Probe  
  61  4:37  Stalker  
  64  4:41  Probe  
  64  4:44  Probe  
  64  4:51  Shield Battery  
  68  4:54  Probe  
  68  4:55  Void Ray (Chrono Boost)  
  69  5:00  Gateway, Probe  
  69  5:01  Probe  
  69  5:02  Gateway  
  69  5:04  Adept  
  73  5:07  Adept  
  73  5:11  Shield Battery, Probe (Chrono Boost)  
  77  5:14  Probe (Chrono Boost)  
  77  5:20  Probe (Chrono Boost)  
  79  5:24  Probe (Chrono Boost)  
  78  5:29  Adept x3, Probe  
  78  5:31  Probe  
  78  5:34  Probe  
  79  5:45  Nexus  
  79  5:46  Pylon  
  79  5:48  Pylon  
  79  5:55  Twilight Council  
  79  6:03  Nexus  
  79  6:10  Shield Battery  
  79  6:11  Forge  
  79  6:13  Robotics Facility, Pylon  
  79  6:17  Probe x2 (Chrono Boost)  
  81  6:23  Gateway  
  81  6:26  Adept, Charge, Pylon  
  81  6:28  Probe (Chrono Boost)  
  81  6:31  Probe (Chrono Boost)  
  82  6:37  Templar Archives, Probe  
  84  6:40  Pylon  
  84  6:44  Protoss Ground Weapons Level 1 (Chrono Boost)  
  84  6:52  Probe x2  
  86  6:58  Gateway  
  86  7:00  Gateway  
  86  7:05  Templar Archives  
  86  7:07  Warp Prism (Chrono Boost)  
  89  7:14  Gateway  
  88  7:16  Gateway  
  88  7:20  Gateway  
  88  7:22  High Templar x2  
  92  7:23  High Templar  
  92  7:26  Archon, High Templar  
  92  7:28  Zealot  
  98  7:34  Pylon  
  98  7:36  Pylon  
  98  7:37  Zealot, Archon  
  100  7:55  Zealot, High Templar  
  100  7:56  High Templar  
  103  7:59  Zealot x4  
  103  8:00  Archon  
  111  8:06  Zealot  
  111  8:13  Pylon  
  111  8:18  Zealot x5  
  119  8:21  Zealot x4  
  123  8:32  Zealot x2  
  119  8:43  Nexus  
Tags
 
Add a new tag
Caveats
  • Supply blocks, unpowered buildings, or Contaminate may cause inaccurate times.
  • Supply counts are checked every 10 seconds.